 Dungeon Crawl Stone Soup version 0.28.0-45-g0d030f2227 (webtiles) character file.

Game seed: 13381224367760396042

65 issech the Cudgeller (level 3, -1/36 HPs)
             Began as a Troll Monk on Apr 13, 2022.
             Slain by a goblin
             ... wielding a +0 club
             ... led by Robin
              (6 damage)
             ... on level 3 of the Dungeon.
             The game lasted 00:06:37 (1514 turns).

issech the Cudgeller (Troll Monk)                   Turns: 1514, Time: 00:06:38

Health: -1/36      AC:  4    Str: 19    XL:     3   Next: 94%
Magic:  2/2        EV: 10    Int:  6    God:
Gold:   89         SH:  0    Dex: 14    Spells: 2/2 levels left

rFire   . . .      SeeInvis .   i - +3 dagger (drain)
rCold   . . .      Faith    .   (no shield)
rNeg    . . .      Spirit   .   b - +0 robe
rPois   .          Reflect  .   (helmet restricted)
rElec   .          Harm     .   (no cloak)
rCorr   .          Rampage  .   (gloves unavailable)
Will    .....                   (boots unavailable)
Stlth   ++........              (no amulet)
HPRegen 0.92/turn               (no ring)
MPRegen 0.08/turn               (no ring)

@: no status effects
A: large, unfitting armour, claws 3, regeneration 1, shaggy fur 1, tough skin 1
a: no special abilities


You were on level 3 of the Dungeon.
You visited 1 branch of the dungeon, and saw 3 of its levels.

You collected 89 gold pieces.

Inventory:

Hand Weapons
 a - a +0 mace
 i - a +3 dagger of draining (weapon)
Missiles
 c - 50 stones (quivered)
 g - 13 bolts
 n - 75 sling bullets
Armour
 b - a +0 robe (worn)
Jewellery
 h - a ring of fire
 o - an amulet of guardian spirit
Scrolls
 d - a scroll of enchant weapon {unknown}
 f - a scroll of amnesia {unknown}
 j - a scroll of fear {unknown}
 l - a scroll of teleportation {unknown}
 m - 2 scrolls of identify {unknown}
 p - a scroll of blinking {unknown}
Potions
 e - a potion of curing {unknown}
 k - a potion of flight {unknown}
 q - a potion of magic {unknown}


   Skills:
 + Level 2.8 Fighting
 + Level 0.3 Short Blades
 + Level 3.6 Maces & Flails
 + Level 2.8 Dodging
 + Level 1.1 Stealth


You had 2 spell levels left.
You didn't know any spells.
Your spell library contained the following spells:

 Spells                   Type           Power      Damage    Failure   Level
 Blink                    Tloc           0%         N/A       58%         2
 Lesser Beckoning         Tloc           0%         N/A       83%         3
 Manifold Assault         Tloc           0%         N/A       100%        5


Dungeon Overview and Level Annotations

Branches:
Dungeon (3/15)

Altars:

Shops:
D:2 (

Annotations:
D:3 Robin


Innate Abilities, Weirdness & Mutations

You are too large for most types of armour.
You have claws for hands.
Your natural rate of healing is unusually fast.
You are covered in fur. (AC +1)
You have tough skin. (AC +1)


Message History

A goblin comes into view. It is wielding a +0 club.
The goblin hits you with a +0 club.
The goblin shouts!
You hit the hobgoblin.
You kill the hobgoblin!
The goblin hits you but does no damage. The goblin hits you with a +0 club.
A goblin comes into view. It is wielding a +0 club.
The goblin shouts!
You hit the goblin.
The goblin is severely wounded.
The goblin hits you but does no damage. x2; The goblin closely misses you.
You hit the goblin.
You kill the goblin!
The goblin hits you with a +0 club.
A goblin comes into view. It is wielding a +0 club.
The goblin completely misses you.
You hit the hobgoblin.
The hobgoblin is moderately wounded.
The goblin hits you with a +0 club. The goblin barely misses you.
The hobgoblin hits you but does no damage.
You closely miss the hobgoblin.
The hobgoblin is moderately wounded.
The goblin hits you but does no damage. The goblin closely misses you.
The hobgoblin barely misses you.
You hit the hobgoblin.
You kill the hobgoblin!
The goblin hits you with a +0 club. The goblin barely misses you.
You hit the goblin.
You kill the goblin!
The goblin hits you with a +0 club. Robin throws the goblin at you!
The goblin hits you with a +0 club. The goblin hits you but does no damage.
You barely miss the goblin. The goblin hits you with a +0 club.
* * * LOW HITPOINT WARNING * * *
The goblin hits you with a +0 club.
* * * LOW HITPOINT WARNING * * *
The goblin misses you.
You hit the goblin but do no damage.
The goblin is heavily wounded.
The goblin hits you with a +0 club.
You die... ..#.# .#.## .(... (($ ggg

#g# #g#
#######@#
#.....gg#
##.......#
#........#
#........#
#........#
#........#
#........#
#........#


You could see Robin and 6 goblins.

Vanquished Creatures
  An adder skeleton (D:2)
  A worm (D:2)
  2 dart slugs
  6 ball pythons
  4 bats
  7 endoplasms
  2 giant cockroaches
  8 goblins
  5 hobgoblins
  3 jackals (D:1)
  4 kobolds
  6 frilled lizards
  A rat (D:2)
50 creatures vanquished.

Notes
Turn   | Place    | Note
-------+----------+-------------------------------------------
     0 | D:1      | issech the Troll Monk began the quest for the Orb.
     0 | D:1      | Reached XP level 1. HP: 22/22 MP: 0/0
   196 | D:1      | Reached skill level 3 in Maces & Flails
   202 | D:1      | Reached XP level 2. HP: 29/29 MP: 1/1
   400 | D:1      | Found a faded altar of an unknown god.
   761 | D:2      | Reached XP level 3. HP: 36/36 MP: 2/2
   895 | D:2      | Found Fufua's Weapon Emporium.
  1500 | D:3      | Noticed Robin
  1514 | D:3      | Slain by a goblin

Illustrated notes

Levels and vault maps discovered:
D:1:      psy_arrival_heroes, layout_loops_ring, ebering_ecumenical_altar_rust
D:2:      layout_basic, serial_shops, nicolae_shop_waterfront, kennysheep_donut,
          minmay_circle_x
D:3:      layout_basic, gammafunk_ghost_necromancy, kennysheep_generic_room_7,
          uniq_robin, uniq_terence

Skill      XL: |  1 |
---------------+----+-----
Maces & Flails | 3 |  3.6
Fighting       | |  2.8
Short Blades   | |  0.3
Dodging        | |  2.8
Stealth        | |  1.1

Action                   || total
-------------------------++-------
Melee: Mace              ||    58
       Dagger            ||    73
       Punch             ||     1
Throw: Stone             ||    13
 Stab: Distracted        ||     1
       Sleeping          ||     1
Armor: Robe              ||    60
Dodge: Dodged            ||    69
